 Dungeon Sprint DCSS version 0.16-a0-3820-g492871e (console) character file.

298 mauris the Geomancer (level 6, 49/49 HPs)
             Began as a Deep Dwarf Earth Elementalist on Jan 28, 2015.
             Was a Plaything of Xom.
             Quit the game in the Dungeon (Sprint I: "Red Sonja").
             The game lasted 00:04:25 (758 turns).

mauris the Geomancer (Deep Dwarf Earth Elementalist) Turns: 758, Time: 00:04:25

Health: 49/49      AC:  2    Str: 11    XL:     6   Next: 13%
Magic:  10/21      EV: 12    Int: 16    God:    Xom [..*...]
Gold:   108        SH:  0    Dex: 15    Spells: 2 memorised, 15 levels left

rFire  . . .     SeeInvis .     b - 13 stones
rCold  . . .     Clarity  .     c - +0 robe
rNeg   . . .     SustAb   .     (no shield)
rPois  .         Gourm    .     (no helmet)
rElec  .         Spirit   .     (no cloak)
rCorr  .         Warding  .     (no gloves)
rMut   .         NoTele   +     (no boots)
MR     .....                    (no amulet)
Stlth  ++........               (no ring)
                                (no ring)

@: non-regenerating, not resistant to hostile enchantments, unstealthy
A: damage resistance, recharge devices, sense surroundings 1, slow healing 3
a: Device Recharging, Renounce Religion


You were in the Dungeon.
You worshipped Xom.
You were a toy of Xom.
You were very hungry.

You visited 1 branch You collected 108 gold pieces.

Inventory:

Missiles
 b - 13 stones (in hand)
Armour
 c - a +0 robe (worn)
Magical devices
 a - a wand of heal wounds (4) {@v2}
Scrolls
 k - a scroll of blinking
Potions
 e - a potion of curing {@q1}
 g - a potion of heal wounds {@q2}
 h - a potion of haste {@q3}
 i - 2 potions of magic
Books
 d - a book of Geomancy

   Spells                             Type                      Level
   a - Sandblast                      Earth                        1
   b - Stoneskin                      Transmutation/Earth          2
   c - Passwall                       Transmutation/Earth          3
   d - Stone Arrow                    Conjuration/Earth            3
   e - Petrify                        Transmutation/Earth          4
   f - Lee's Rapid Deconstruction     Earth                        5


   Skills:
 - Level 2.1 Dodging
 - Level 2.4 Stealth
 + Level 8.0 Spellcasting
   Level 0.8 Transmutations
 + Level 12.0 Earth Magic


You had 15 spell levels left.
You knew the following spells:

 Your Spells              Type           Power        Failure   Level  Hunger
a - Sandblast             Erth           #####.       1%          1    None
b - Lee's Rapid Deconstr  Erth           #####.....   1%          5    #####..


Dungeon Overview and Level Annotations

Branches:
Dungeon (1/1)

Altars:
Elyvilon
Gozag
Kikubaaqudgha
Makhleb
Nemelex Xobeh
Okawaru
Qazlal
Ru
Trog
Xom
Yredelemnul
Zin
The Shining One

Shops:
D (


Innate Abilities, Weirdness & Mutations

You are resistant to damage.
You can recharge devices by infusing magical energy.
You passively map a small area around you.
You do not heal naturally.


Message History

Confirm with . or Enter, or press ? or * to list all spells.
Aiming: Lee's Rapid Deconstruction
Press: ? - help, Dir - move target cursor The wall shatters!
You are feeling hungry.
Casting: Lee's Rapid Deconstruction
Confirm with . or Enter, or press ? or * to list all spells.
Aiming: Lee's Rapid Deconstruction
Press: ? - help, Dir - move target cursor The wall shatters!
Casting: Lee's Rapid Deconstruction
Confirm with . or Enter, or press ? or * to list all spells.
Aiming: Lee's Rapid Deconstruction
Press: ? - help, Dir - move target cursor The wall shatters!
You are feeling very hungry.
You start resting.
Xom's power touches on you for a moment.
The floor shifts beneath you alarmingly!
Are you sure you want to abandon this character and quit the game? (Confirm with "yes".)

############# *
#<.#.)').#.)+, ,
#..'..#..'..#
#..#####'####*+*
#..####..# *
#..#__#### *
#..#_..__##
#}}#_.\...+ *
###q_..._## * *
#..#_____#
##########* ,, ,
* * *, * , *, ,
* , ,


There were no monsters in sight!

Vanquished Creatures
  A yak (D)
  An ogre (D)
  Sigmund (D)
  Ijyb (D)
4 creatures vanquished.

Notes
Turn   | Place    | Note
--------------------------------------------------------------
     0 | D        | mauris, the Deep Dwarf Earth Elementalist, began the quest for the Orb.
     0 | D        | Reached XP level 1. HP: 15/15 MP: 2/2
     1 | D        | Noticed Ijyb
    22 | D        | Huge Dmg: 7 Dmg
    22 | D        | Killed Ijyb
    22 | D        | Reached skill level 7 in Earth Magic
    22 | D        | Reached XP level 2. HP: 14/22 MP: 3/3
    47 | D        | Noticed an ogre
    49 | D        | Killed an ogre
    49 | D        | Reached skill level 12 in Earth Magic
    49 | D        | Reached XP level 3. HP: 28/28 MP: 1/5
    49 | D        | Reached XP level 4. HP: 36/36 MP: 1/6
   100 | D        | Noticed Sigmund
   104 | D        | Killed Sigmund
   104 | D        | Reached skill level 5 in Spellcasting
   104 | D        | Reached XP level 5. HP: 42/42 MP: 2/15
   111 | D        | Learned a level 5 spell: Lee's Rapid Deconstruction
   231 | D        | Found a basalt altar of Yredelemnul.
   231 | D        | Found an ancient bone altar of Kikubaaqudgha.
   231 | D        | Found a shimmering altar of Xom.
   231 | D        | Found a sparkling altar of Nemelex Xobeh.
   232 | D        | Found a stormy altar of Qazlal.
   232 | D        | Found an iron altar of Okawaru.
   232 | D        | Found a bloodstained altar of Trog.
   232 | D        | Noticed a yak
   233 | D        | Found a white marble altar of Elyvilon.
   233 | D        | Found Noin's Antique Weapon Emporium.
   233 | D        | Found a glowing golden altar of the Shining One.
   233 | D        | Found a sacrificial altar of Ru.
   233 | D        | Found a burning altar of Makhleb.
   233 | D        | Found a glowing silver altar of Zin.
   233 | D        | Found an opulent altar of Gozag.
   339 | D        | Killed a yak
   339 | D        | Reached XP level 6. HP: 49/49 MP: 9/21
   378 | D        | Became a worshipper of Xom of Chaos
   757 | D        | XOM: mild Erth miscast
   758 | D        | Quit the game

Action                   |  1- 3 |  4- 6 || total
-------------------------+-------+-------++-------
Melee: Unarmed           |    18 |       ||    18
 Cast: Sandblast         |     1 |     6 ||     7
       Lee's Rapid Decon |       |    19 ||    19
Evoke: Wand              |     1 |       ||     1
  Use: Potion            |     1 |       ||     1
  Eat: Bread ration      |       |     1 ||     1

Vault maps used:
D:        dungeon_sprint_1
